 Dungeon Crawl Stone Soup version 0.21.1-1-g345015f (webtiles) character file.

28 Flooderbenga the Grave Robber (level 3, -2/25 HPs)
             Began as a Gnoll Necromancer on Apr 9, 2018.
             Shot with an arrow by a centaur (7 damage)
             ... on level 3 of the Dungeon.
             The game lasted 00:06:34 (339 turns).

Flooderbenga the Grave Robber (Gnoll Necromancer)    Turns: 339, Time: 00:06:36

Health: -2/25      AC:  5    Str: 10    XL:     3   Next: 14%
Magic:  4/9        EV: 14    Int: 18    God:
Gold:   38         SH:  0    Dex: 15    Spells: 11/12 levels left

rFire    . . .     SeeInvis .   d - +0 dagger
rCold    . . .     Gourm    .   (no shield)
rNeg     . . .     Faith    .   a - +0 robe
rPois    .         Spirit   .   e - +2 helmet
rElec    .         Reflect  .   (no cloak)
rCorr    .         Harm     .   (no gloves)
MR       .....                  (no boots)
Stlth    +++.......             (no amulet)
HPRegen  0.08/turn              (no ring)
MPRegen  0.11/turn              (no ring)

@: very slightly contaminated
A: distributed training, fangs 1, strong nose
a: no special abilities


You were on level 3 of the Dungeon.
You were not hungry.

You visited 1 branch of the dungeon, and saw 3 of its levels.

You collected 38 gold pieces.

Inventory:

Hand Weapons
 d - a +0 dagger (weapon)
 i - a +0 falchion of holy wrath
Armour
 a - a +0 robe (worn)
 e - a +2 helmet (worn)
 h - a +0 shield
 j - a +2 helmet
Scrolls
 f - 2 scrolls of identify {unknown}
 g - a scroll of enchant weapon {unknown}
Books
 b - a book of Necromancy

   Spells                             Type                      Level
   a - Pain                           Necromancy                   1
   b - Animate Skeleton               Necromancy                   1
   c - Vampiric Draining              Necromancy                   3
   d - Regeneration                   Charms/Necromancy            3
   e - Animate Dead                   Necromancy                   4
   f - Borgnjor's Vile Clutch         Necromancy/Earth             5
Comestibles
 c - 3 rations


   Skills:
 + Level 0.6 Fighting
 + Level 0.6 Short Blades
 + Level 0.6 Long Blades
 + Level 0.6 Axes
 + Level 0.6 Maces & Flails
 + Level 0.6 Polearms
 + Level 0.6 Staves
 + Level 0.6 Slings
 + Level 0.6 Bows
 + Level 0.6 Crossbows
 + Level 0.6 Throwing
 + Level 0.6 Armour
 + Level 4.5 Dodging
 + Level 4.1 Stealth
 + Level 0.6 Shields
 + Level 0.6 Unarmed Combat
 + Level 5.0 Spellcasting
 + Level 0.4 Conjurations
 + Level 0.4 Hexes
 + Level 0.4 Charms
 + Level 0.4 Summonings
 + Level 7.1 Necromancy
 + Level 0.4 Translocations
 + Level 0.4 Transmutations
 + Level 0.4 Fire Magic
 + Level 0.4 Ice Magic
 + Level 0.4 Air Magic
 + Level 0.4 Earth Magic
 + Level 0.4 Poison Magic
 + Level 0.8 Invocations
 + Level 0.6 Evocations


You had 11 spell levels left.
You knew the following spells:

 Your Spells              Type           Power        Failure   Level  Hunger
a - Pain                  Necr           ####         1%          1    None


Dungeon Overview and Level Annotations

Branches:
Dungeon (3/15)

Altars:


Innate Abilities, Weirdness & Mutations

Your experience applies equally to all skills.
You have very sharp teeth.
Your uncanny sense of smell can sniff out nearby items.


Message History

The frilled lizard unfolds its giant frill.
You feel sick.
You are no longer poisoned.
You take 1 damage, and have 3/25 hp.
Found a stone staircase leading down.
There is a stone staircase leading down here.
You climb downwards.
There is a stone staircase leading up here.
Wield which item (- for none, * to show all)? (? for menu, Esc to quit)
Your +0 falchion of holy wrath stops glowing.
d - a +0 dagger (weapon)
Found a ration.
Found 27 bolts.
c - 3 rations (gained 1)
Found 11 gold pieces.
Found a scroll labeled HEKYUK YNOXT.
A centaur comes into view.
The centaur shouts!
The centaur wields a shortbow.
The centaur shoots an arrow.
The arrow hits you!
You die...

##. ###... #...#
#### #(..+ #...
##...# #
#...####...###.##
∆+...............+
#...........#
#....##...@.#
#...###.##.###.#
#. #<##.. ?..
####### .#$# c#.#
.# # .# .#


You could see a centaur.

Vanquished Creatures
  Robin (D:2)
  A worm (D:2)
  A dart slug (D:1)
  2 giant cockroaches
  2 goblins
  2 hobgoblins (D:2)
  A quokka (D:2)
  2 bats (D:2)
12 creatures vanquished.

Notes
Turn   | Place    | Note
-------+----------+-------------------------------------------
     0 | D:1      | Flooderbenga the Gnoll Necromancer began the quest for the Orb.
     0 | D:1      | Reached XP level 1. HP: 13/13 MP: 6/6
   162 | D:2      | Noticed Robin
   204 | D:2      | Reached XP level 2. HP: 17/19 MP: 5/7
   237 | D:2      | Killed Robin
   264 | D:2      | Reached XP level 3. HP: 14/25 MP: 0/9
   286 | D:2      | Reached skill level 5 in Spellcasting
   339 | D:3      | Noticed a centaur
   339 | D:3      | Shot with an arrow by a centaur

Skill      XL: |  1  2  3 |
---------------+----------+-----
Spellcasting   | 5 |  5.0
Fighting       | |  0.6
Short Blades   | |  0.6
Long Blades    | |  0.6
Axes           | |  0.6
Maces & Flails | |  0.6
Polearms       | |  0.6
Staves         | |  0.6
Slings         | |  0.6
Bows           | |  0.6
Crossbows      | |  0.6
Throwing       | |  0.6
Armour         | |  0.6
Dodging        | |  4.5
Stealth        | |  4.1
Shields        | |  0.6
Unarmed Combat | |  0.6
Conjurations   | |  0.4
Hexes          | |  0.4
Charms         | |  0.4
Summonings     | |  0.4
Necromancy     | |  7.1
Translocations | |  0.4
Transmutations | |  0.4
Fire Magic     | |  0.4
Ice Magic      | |  0.4
Air Magic      | |  0.4
Earth Magic    | |  0.4
Poison Magic   | |  0.4
Invocations    | |  0.8
Evocations     | |  0.6

Action                   || total
-------------------------++-------
Melee: Dagger            ||     1
 Cast: Pain              ||    21
  Use: Scroll            ||     1
 Stab: Sleeping          ||     1
Armor: Robe              ||    28
Dodge: Dodged            ||    58
       Rpst.: Falchion   ||     6
